 Dungeon Crawl Stone Soup version 0.30-a0-779-g7971cf19c3 (webtiles) character file.

Game seed: 2044132357030117680

66 DEFE the Sneak (level 3, 0/29 HPs)
             Began as a Demonspawn Wanderer on Feb 17, 2023.
             Slain by a frilled lizard (2 damage)
             ... on level 3 of the Dungeon.
             The game lasted 00:01:58 (2054 turns).

DEFE the Sneak (Demonspawn Wanderer)                Turns: 2054, Time: 00:01:59

Health: 0/29       AC:  3    Str: 12    XL:     3   Next: 96%
Magic:  3/3        EV: 11    Int: 13    God:
Gold:   121        SH:  0    Dex: 14    Spells: 2/2 levels left

rFire   . . .      SeeInvis .    r - +0 mace
rCold   . . .      Faith    .    (no shield)
rNeg    . . .      Spirit   .    q - +0 leather armour
rPois   .          Reflect  .    (no helmet)
rElec   .          Harm     .    (no cloak)
rCorr   +          Rampage  .    (no gloves)
Will    .....                    (no boots)
Stlth   +++                      (no amulet)
HPRegen 0.24/turn                o - ring of resist corrosion
MPRegen 0.08/turn                (no ring)

@: no status effects
A: sturdy frame 1
a: no special abilities


You were on level 3 of the Dungeon.
You visited 1 branch of the dungeon, and saw 3 of its levels.

You collected 121 gold pieces.

Inventory:

Hand Weapons
 a - a +0 dagger
 d - a +0 spear
 n - a +0 spear
 r - a +0 mace (weapon)
Missiles
 b - 2 atropa-tipped darts (quivered)
 c - 4 datura-tipped darts
 p - 8 poisoned darts
Armour
 g - a +0 robe
 q - a +0 leather armour (worn)
Jewellery
 o - a ring of resist corrosion (left hand)
Scrolls
 h - a scroll of brand weapon {unknown}
 i - a scroll of fog {unknown}
 k - a scroll of magic mapping {unknown}
 m - a scroll of enchant weapon {unknown}
 s - a scroll of amnesia {unknown}
 t - a scroll of teleportation {unknown}
 u - a scroll of identify {unknown}
Potions
 e - a potion of attraction
 f - a potion of lignification
 j - 3 potions of heal wounds {unknown}
 l - 4 potions of curing {unknown}


   Skills:
 - Level 3.3 Fighting
 - Level 1.7 Polearms
 + Level 2.2 Armour
 - Level 1.0 Dodging
 - Level 4.5 Stealth


You had 2 spell levels left.
You didn't know any spells.
Your spell library was empty.

Dungeon Overview and Level Annotations

Branches:
Dungeon (3/15)

Altars:

Shops:
D:1 (=

Annotations:
D:2 Sigmund


Innate Abilities, Weirdness & Mutations

Your movements are slightly less encumbered by armour. (ER -2)


Message History

The goblin hits you with a +0 club. The jackal bites you.
The goblin hits you with a +0 club.
You take 5 damage, and have 13/29 hp.
You are too injured to fight recklessly!
You are too injured to fight recklessly!
You are too injured to fight recklessly!
You are too injured to fight recklessly!
Unknown command.
The jackal barely misses you.
You see here a +0 club.
A frilled lizard comes into view.
The jackal closely misses you.
Things that are here:
2 stones; a +0 leather armour You closely miss the jackal.
The jackal barely misses you.
You closely miss the jackal. The jackal barely misses you.
The jackal bites you.
You take 1 damage, and have 13/29 hp.
You hit the jackal but do no damage. The jackal barely misses you.
The jackal bites you.
You take 1 damage, and have 12/29 hp.
You hit the jackal but do no damage. The jackal bites you.
The jackal barely misses you.
You take 2 damage, and have 10/29 hp.
You closely miss the jackal. The jackal bites you.
* * * LOW HITPOINT WARNING * * *
The jackal misses you. The frilled lizard misses you.
You closely miss the jackal. The jackal bites you.
* * * LOW HITPOINT WARNING * * *
The jackal completely misses you. The frilled lizard barely misses you.
You miss the jackal. The jackal bites you.
* * * LOW HITPOINT WARNING * * *
The frilled lizard bites you but does no damage.
The jackal bites you.
* * * LOW HITPOINT WARNING * * *
The frilled lizard barely misses you.
You closely miss the jackal. The jackal misses you. The jackal bites you.
* * * LOW HITPOINT WARNING * * *
The frilled lizard bites you.
You die...

..###.......##
... ........!.
#.# #.......##
#.# #........#
#.# #..†......
#.# #...# #†#
#g#.......
##.###h##......
####.#.##@#
#.....
#..<....l.#
#..##
#.#.....###
..!. # #.....#
..# #.....# .#
#.....#
#.......
#.####### #.#


You could see a jackal, a goblin and a frilled lizard.

Vanquished Creatures
  3 adders
  A dart slug (D:1)
  An orc (D:2)
  6 bats
  3 endoplasms
  2 giant cockroaches
  2 hobgoblins
  2 jackals (D:3)
  5 kobolds
  A quokka (D:1)
  2 ball pythons (D:1)
  3 frilled lizards (D:1)
  4 goblins
  2 rats (D:1)
37 creatures vanquished.

Vanquished Creatures (others)
  8 toadstools (D:2)
8 creatures vanquished.

Grand Total: 45 creatures vanquished

Notes
Turn   | Place    | Note
-------+----------+-------------------------------------------
     0 | D:1      | DEFE the Demonspawn Wanderer began the quest for the Orb.
     0 | D:1      | DEFE set off with the following items: a +0 dagger, 2
                  | atropa-tipped darts, a datura-tipped dart, a +0 spear, a
                  | potion of attraction, a potion of lignification, a +0 robe.
     0 | D:1      | Reached XP level 1. HP: 13/13 MP: 1/1
   103 | D:1      | Found Fianocs's Jewellery Shop.
   197 | D:1      | Reached skill level 1 in Fighting
   369 | D:1      | Gained mutation: Your movements are slightly less
                  | encumbered by armour. (ER -2) [demonic ancestry]
   369 | D:1      | Reached XP level 2. HP: 18/22 MP: 2/2
   385 | D:1      | Found Luiphua's Weapon Boutique.
  1190 | D:2      | Noticed Sigmund
  1405 | D:2      | Reached XP level 3. HP: 27/28 MP: 3/3
  1972 | D:3      | Found a faded altar of an unknown god.
  2054 | D:3      | Slain by a frilled lizard

Illustrated notes

Levels and vault maps discovered:
D:1:      dpeg_arrival_rhombi, layout_basic, serial_shops, shop, shop_statue
D:2:      cheibrodos_fertilizer, layout_loops_cross, uniq_sigmund
D:3:      layout_loops_ring, mainiacjoe_overflow_tiny_flanked,
          nicolae_ecumenical_oubliette

Skill      XL: |  1  2  3 |
---------------+----------+-----
Fighting       | 1 2 3 |  3.3
Armour         | 2 |  2.2
Polearms       | |  1.7
Dodging        | |  1.0
Stealth        | |  4.5

Action                     || total
---------------------------++-------
  Melee: Dagger            ||    67
         Punch             ||     1
         Mace              ||    78
   Stab: Sleeping          ||    12
         Distracted        ||     1
 Armour: Robe              ||    18
         Leather armour    ||    30
  Dodge: Dodged            ||   107

Table legend: (Time is in decaauts)
 A = Elapsed time spent in this place.
 B = Non-inter-level travel time spent in this place.
 C = Inter-level travel time spent in this place.
 D = Time resting spent in this place.
 E = Time spent auto-exploring this place.
 F = Levels seen in this place.
 G = Mean time per level.
                   A        B        C        D        E       F      G
               +--------+--------+--------+--------+--------+-----+--------+
         Total |   2086 |   1999 |     87 |    470 |   1147 |   3 |  695.3 |
       Dungeon |   2086 |   1999 |     87 |    470 |   1147 |   3 |  695.3 |
               +--------+--------+--------+--------+--------+-----+--------+

Top non-repeatable levels by time:
     D:1: 1119 daAuts
     D:2: 890 daAuts
     D:3: 77 daAuts
